 Dungeon Crawl Stone Soup version 0.27.0-1-g7a089689b8 (webtiles) character file.

Game seed: 3071651376269441279

112 freelancePsychic the Ruffian (level 4, -2/37 HPs)
             Began as a Draconian Transmuter on Aug 17, 2021.
             Succumbed to a water moccasin's poison
             ... on level 3 of the Dungeon.
             The game lasted 00:05:12 (2949 turns).

freelancePsychic the Ruffian (Draconian Transmuter) Turns: 2949, Time: 00:05:12

Health: -2/37      AC:  5    Str: 13    XL:     4   Next: 64%
Magic:  6/7        EV: 12    Int: 14    God:
Gold:   44         SH:  0    Dex: 11    Spells: 1/7 levels left

rFire    . . .     SeeInvis .     - Unarmed
rCold    . . .     Faith    .   (no shield)
rNeg     . . .     Spirit   .   (armour unavailable)
rPois    .         Reflect  .   (helmet currently unavailable)
rElec    .         Harm     .   (no cloak)
rCorr    .         Rampage  .   (no gloves)
Will     .....                  (boots currently unavailable)
Stlth    +.........             (no amulet)
HPRegen  0.12/turn              (no ring)
MPRegen  0.10/turn              (no ring)

@: brilliant, lethally poisoned (-2 -> -16), appendages, attractive, hasted,
very quick
A: horns 2, talons 2, AC +5, unfitting armour, cold-blooded
a: End Transformation


You were on level 3 of the Dungeon.
You had temporarily grown beastly horns and talons.
You visited 1 branch of the dungeon, and saw 3 of its levels.

You collected 44 gold pieces.

Inventory:

Jewellery
 f - a +4 ring of slaying
Scrolls
 b - a scroll of enchant armour
 e - 4 scrolls of enchant weapon
Potions
 g - a potion of attraction
 h - a potion of haste {@q3}


   Skills:
 + Level 2.9 Fighting
 - Level 1.7 Dodging
 + Level 3.9 Unarmed Combat
 - Level 2.0 Spellcasting
 + Level 3.2 Transmutations
 + Level 0.3 Poison Magic


You had one spell level left.
You knew the following spells:

 Your Spells              Type           Power      Damage    Failure   Level
a - Beastly Appendage     Tmut           30%        N/A       6%          1
b - Wereblood             Tmut           15%        N/A       10%         2
c - Spider Form           Tmut/Pois      4%         N/A       34%         3

Your spell library contained the following spells:

 Spells                   Type           Power      Damage    Failure   Level
 Poisonous Vapours        Pois/Air       4%         N/A       32%         2
 Blink                    Tloc           N/A        N/A       34%         2
 Corpse Rot               Necr/Air       N/A        N/A       34%         2
 Lesser Beckoning         Tloc           1%         N/A       56%         3
 Ice Form                 Ice/Tmut       8%         N/A       77%         4
 Freezing Cloud           Conj/Ice/Air   1%         6-21      100%        5
 Manifold Assault         Tloc           2%         N/A       100%        5


Dungeon Overview and Level Annotations

Branches:
Dungeon (3/15)

Altars:

Annotations:
D:2 Sigmund, Terence


Innate Abilities, Weirdness & Mutations

You have temporarily grown beastly horns and talons.
Your plain brown scales are hard. (AC +5)
You cannot fit into any form of body armour.
You are cold-blooded and may be slowed by cold attacks.


Message History

You enter a dispersal trap!
The water moccasin blinks!
You blink.
The water moccasin is pulled toward you!
It was a potion of brilliance.
You feel clever all of a sudden. The water moccasin misses you.
As you read the scroll labelled ZUOQ APPUIFA, it crumbles to dust.
The scroll dissolves into smoke.
It was a scroll of fog.
The water moccasin barely misses you.
You hit the water moccasin.
Your tail-slap misses the water moccasin.
The water moccasin is lightly wounded.
The water moccasin bites you but does no damage.
You hit the water moccasin.
The water moccasin is lightly wounded.
You hit the water moccasin. You tail-slap the water moccasin.
The water moccasin is moderately wounded.
The water moccasin misses you.
You barely miss the water moccasin. You tail-slap the water moccasin.
The water moccasin is moderately wounded.
The water moccasin barely misses you.
You hit the water moccasin but do no damage.
Your tail-slap misses the water moccasin.
The water moccasin is moderately wounded.
The water moccasin barely misses you.
You closely miss the water moccasin.
The water moccasin is moderately wounded.
The water moccasin closely misses you.
You hit the water moccasin but do no damage.
The water moccasin is moderately wounded.
Casting: Beastly Appendage (safe; 6% risk of failure)
Confirm with . or Enter, or press ? or * to list all spells.
You feel a surge of power!
You grow a pair of large bovine horns.
Your feet morph into talons.
The water moccasin bites you!
* * * LOW HITPOINT WARNING * * *
You are lethally poisoned!
The water moccasin poisons you!
You closely miss the water moccasin.
The water moccasin is moderately wounded.
You die...

.# #.# #.#####..## #.## .# #.#
#.#####..# #.#. .# #.#
#........######.#. .# #.#
########'##....... .# #.#
##...#.###.#. .# #.####
##......###... .# ####.##.##
##.............
.######.......§####.........####.
<..........§..§S@§+.........'....
.###.##.##.#.§§####.........####.
.###.##.##.##.## ##.......## ##
..##.##.##..#.# ##.....## #
.....##.###.#.# ##...## ##
#.#####.......# ##'## #. #.#
#####.###########.## ## #.# #.#
#.........# # #.# ##.##
#.######..#


You could see a water moccasin.

Vanquished Creatures
  5 adders
  4 dart slugs
  5 orcs (D:3)
  4 ball pythons
  3 endoplasms
  5 giant cockroaches
  5 goblins
  4 hobgoblins
  4 quokkas
  4 bats
  6 kobolds
  2 rats
51 creatures vanquished.

Notes
Turn   | Place    | Note
-------+----------+-------------------------------------------
     0 | D:1      | freelancePsychic the Draconian Transmuter began the quest
                  | for the Orb.
     0 | D:1      | Reached XP level 1. HP: 16/16 MP: 3/3
   319 | D:1      | Reached XP level 2. HP: 23/23 MP: 3/5
  1104 | D:2      | Noticed Sigmund
  1232 | D:2      | Reached XP level 3. HP: 29/29 MP: 6/6
  1345 | D:2      | Noticed Terence
  1911 | D:2      | Reached XP level 4. HP: 15/37 MP: 7/7
  2304 | D:3      | Noticed a water moccasin
  2725 | D:3      | Learned a level 2 spell: Wereblood
  2729 | D:3      | Learned a level 3 spell: Spider Form
  2948 | D:3      | HP: 1/37 [water moccasin (8)]
  2949 | D:3      | Succumbed to a water moccasin's poison

Illustrated notes

Levels and vault maps discovered:
D:1:      noname_arrival_rooms_in_the_neighbourhood, layout_loops_ring,
          minmay_heptomino_d4
D:2:      layout_rooms, serial_corexii_hall, corexii_hall_statues_x,
          chequers_hall_statues_corner_a, chequers_hall_statues_wall_a,
          uniq_sigmund, uniq_terence
D:3:      minmay_angry_zag, layout_loops_corners

Skill      XL: |  1  2  3 |
---------------+----------+-----
Fighting       | 2 |  2.9
Transmutations | 3 |  3.2
Dodging        | |  1.7
Unarmed Combat | |  3.9
Spellcasting   | |  2.0
Poison Magic   | |  0.3

Action                   |  1- 3 |  4- 6 || total
-------------------------+-------+-------++-------
Melee: Unarmed           |   138 |    48 ||   186
       Kick              |    16 |     6 ||    22
       Tailslap          |     9 |     8 ||    17
       Headbutt          |     7 |     4 ||    11
       Punch             |     2 |       ||     2
 Cast: Beastly Appendage |    19 |     8 ||    27
       Wereblood         |       |     1 ||     1
  Use: Scroll            |       |     4 ||     4
       Potion            |       |     4 ||     4
 Stab: Sleeping          |     1 |       ||     1
Armor: Skin              |    45 |    13 ||    58
Dodge: Dodged            |    96 |    24 ||   120
